cohdb
Replays
Latest Replays
All Replays
Popular Replays
Top Player Replays
Match Explorer
How It Works
Community
CoH3 Stats
Reddit
Sign in to upload your games and track your stats! →
Sign in with Steam
Match 45436122
Unlisted
Match 45436122
Overview
Messages
Build Orders
End
Vickers Machine Gun Team
Vickers Machine Gun Team
Construct Section Command Post
Infantry Section
Infantry Section
Selects Indian Artillery Battlegroup
Selects Towed ML 4.2-inch Heavy Mortar
Construct Field Infirmary
Construct Field Infirmary
Construct Field Infirmary
Hålken
Critical mass /BG/
Klement
mr.Brookerr
crywo1f
Mr_Fox
0
0
Comments
sign in to comment!
No comments posted yet!